 Dungeon Crawl Stone Soup version 0.29-a0-813-g4a14ea37d6 (webtiles) character file.

Game seed: 6430933037439819822

119 zeratav the Shooter (level 4, -4/22 HPs)
             Began as a Spriggan Hunter on July 4, 2022.
             Killed by divine providence
             ... invoked by an orc priest
              (13 damage)
             ... on level 4 of the Dungeon.
             The game lasted 00:02:05 (2203 turns).

zeratav the Shooter (Spriggan Hunter)               Turns: 2203, Time: 00:02:06

Health: -4/22      AC:  2    Str:  9    XL:     4   Next: 73%
Magic:  5/5        EV: 17    Int: 10    God:
Gold:   187        SH:  0    Dex: 18    Spells: 3/3 levels left

rFire   . . .      SeeInvis +   a - +0 shortbow {bow}
rCold   . . .      Faith    .   (shield currently unavailable)
rNeg    . . .      Spirit   .   c - +0 robe
rPois   .          Reflect  .   (helmet restricted)
rElec   .          Harm     .   (no cloak)
rCorr   .          Rampage  .   (gloves unavailable)
Will    .....                   (boots unavailable)
Stlth   ++........              (no amulet)
HPRegen 0.07/turn               (no ring)
MPRegen 0.09/turn               (no ring)

@: very quick
A: very small, no large weapons, unfitting armour, see invisible, speed 3
a: no special abilities


You were on level 4 of the Dungeon.
You visited 1 branch of the dungeon, and saw 4 of its levels.

You collected 187 gold pieces.


Innate Abilities, Weirdness & Mutations

You are very small and have problems with some larger weapons.
You are too small for most types of armour.
You have supernaturally acute eyesight. (SInv)
You cover ground extremely quickly. (Speed+++)


   Skills:
 - Level 1.5 Fighting
 + Level 6.2 Ranged Weapons
 - Level 2.6 Dodging
 - Level 1.5 Stealth


You had 3 spell levels left.
You didn't know any spells.
Your spell library contained the following spells:

 Spells                   Type           Power      Damage    Failure   Level
 Dispersal                Tloc           0%         N/A       100%        6
 Disjunction              Tloc           0%         N/A       100%        8

Inventory:

Hand Weapons
 a - a +0 shortbow (weapon) {bow}
 r - a +1 dagger of speed {short}
   (You found it on level 3 of the Dungeon)
Armour
 c - a +0 robe (worn)
Jewellery
 d - an amulet of magic regeneration {@e2}
   (You found it on level 1 of the Dungeon)
 f - a +6 ring of strength
   (You found it on level 1 of the Dungeon)
 h - a +6 ring of strength
   (You found it on level 1 of the Dungeon)
Scrolls
 b - a scroll of immolation {!r!r}
 e - a scroll of enchant armour {unknown}
 g - 3 scrolls of teleportation {unknown}
 i - 6 scrolls of identify {unknown}
 k - a scroll of fear {unknown}
 l - 4 scrolls of noise {unknown}
Potions
 j - a potion of berserk rage {unknown}
 m - a potion of degeneration {unknown}
 n - a potion of heal wounds {unknown}
 o - 3 potions of lignification {unknown}
 p - 2 potions of might {unknown}
 q - 2 potions of curing {unknown}

Dungeon Overview and Level Annotations

Branches:
Dungeon (4/15) Zot: 22541
 Temple: D:4-7

Altars:
Hepliaklqana

........# ##..###.#..###
≈≈≈≈.o..###..##...#.##..
≈≈≈≈.....#..##...##.#.##
##≈≈.....#.##)...#..#
.#≈≈..).##.#....##.##
.#≈≈...o#..#..†##..# .
##≈≈....#....###..## ..
8.≈≈....#.####...## ...
#.≈≈...@#......### ..
#.≈≈...[....####
#.≈≈....##### 8.≈≈.....
##≈≈..... .#≈≈......
#≈≈...... #≈≈......#
≈≈≈....


You could see an orc priest and an orc.


Message History

No target in view!
You see here an adder corpse.
You now have 187 gold pieces (gained 3).
q - 2 glowing cyan potions (gained 1)
An adder comes into view.
You shoot an arrow. The arrow hits the adder!
You shoot an arrow. The arrow misses the adder.
You shoot an arrow. The arrow barely misses the adder.
You shoot an arrow. The arrow closely misses the adder.
The adder bites you but does no damage.
You shoot an arrow. The arrow hits the adder!
You kill the adder!
No target in view!
No target in view!
No target in view!
No target in view!
No target in view!
No target in view!
A ball python comes into view.
You shoot an arrow. The arrow hits the ball python.
You kill the ball python!
No target in view!
No target in view!
No target in view!
No target in view!
No target in view!
No target in view!
A goblin comes into view. It is wielding a +0 dagger.
You shoot an arrow. The arrow hits the goblin.
The goblin shouts!
You shoot an arrow. The arrow barely misses the goblin.
No target in view!
No target in view!
No target in view!
No target in view!
No target in view!
No target in view!
No target in view!
No target in view!
No target in view!
No target in view!
No target in view!
No target in view!
No target in view!
You shoot an arrow. The arrow hits the goblin!
You kill the goblin!
No target in view!
A quokka comes into view.
You shoot an arrow. The arrow barely misses the quokka.
You shoot an arrow. The arrow misses the quokka.
You shoot an arrow. The arrow hits the quokka.
The quokka barely misses you. x2
You shoot an arrow. The arrow hits the quokka.
You kill the quokka!
No target in view!
No target in view!
No target in view!
No target in view!
No target in view!
No target in view!
No target in view!
An orc comes into view. It is wielding a +0 club.
The orc shouts!
An orc comes into view. It is wielding a +0 trident.
You shoot an arrow. The arrow barely misses the orc.
The orc shouts!
The arrow hits the orc!
You kill the orc!
An orc priest comes into view. It is wielding a +0 hand axe.
You shoot an arrow. The orc priest shouts!
The arrow hits the orc.
You shoot an arrow. The arrow hits the orc.
You shoot an arrow. The arrow closely misses the orc.
The arrow closely misses the orc priest.
The orc priest mumbles some strange prayers to Beogh against you.
Beogh smites you!
Ouch! That really hurt!
* * * LOW HITPOINT WARNING * * *
You are too injured to fight recklessly!
You are too injured to fight recklessly!
You are too injured to fight recklessly!
You are too injured to fight recklessly!
You are too injured to fight recklessly!
HP[-13]
You take 13 damage, and now have 9/22 hp.
MASSIVE DAMAGE!! (PAUSE)
You are too injured to fight recklessly!
You are too injured to fight recklessly!
You are too injured to fight recklessly!
You are too injured to fight recklessly!
You are too injured to fight recklessly!
You are too injured to fight recklessly!
You are too injured to fight recklessly!
You are too injured to fight recklessly!
You are too injured to fight recklessly!
You are too injured to fight recklessly!
The orc priest invokes the aid of Beogh against you.
Beogh smites you!
Ouch! That really hurt!
You die...

Skill      XL: |  1  2  3  4 |
---------------+-------------+-----
Ranged Weapons | 5 6 |  6.2
Fighting       | |  1.5
Dodging        | |  2.6
Stealth        | |  1.5

Action                   |  1- 3 |  4- 6 || total
-------------------------+-------+-------++-------
 Fire: Shortbow          |    78 |    47 ||   125
Armor: Robe              |     1 |     1 ||     2
Dodge: Dodged            |    17 |     5 ||    22

Levels and vault maps discovered:
D:1:      lordsloth_arrival_two_stooges, layout_loops_ring,
          chequers_ecumenical_altar_simple_redux
D:2:      minmay_roachtagon, layout_basic
D:3:      layout_basic, overflow_temple_1_default, serial_forest,
          infiniplex_forest_clump_tiny, infiniplex_forest_clump_medium,
          infiniplex_forest_lined_3, infiniplex_forest_zigzag_1,
          infiniplex_forest_corner_1, infiniplex_forest_zigzag_2,
          infiniplex_forest_lined_room_2, grunt_decor_one_mirror,
          minmay_misc_feat_columns
D:4:      minmay_evil_eye, layout_cave_pools,
          mainiacjoe_overflow_surrounded_room, mainiacjoe_overflow_24_doors,
          hangedman_ru_absence, lemuel_coloured_pillars_altar, serial_shops,
          nicolae_shop_crystal, gammafunk_ghost_gnarly_gnolls

Notes
Turn   | Place    | Note
-------+----------+-------------------------------------------
     0 | D:1      | zeratav the Spriggan Hunter began the quest for the Orb.
     0 | D:1      | Reached XP level 1. HP: 10/10 MP: 2/2
     0 | D:1      | magus.rc [v1.9.6]
   127 | D:1      | Reached XP level 2. HP: 14/14 MP: 3/3
   184 | D:1      | Found a faded altar of an unknown god.
   661 | D:2      | Reached skill level 5 in Ranged Weapons
   673 | D:2      | Reached XP level 3. HP: 18/18 MP: 4/4
  1107 | D:3      | Reached XP level 4. HP: 22/22 MP: 5/5
  1418 | D:3      | Found a hazy altar of Hepliaklqana.
  1957 | D:3      | You pick up a book of the Warp and begin reading...
  1957 | D:3      | You add the spells Dispersal and Disjunction to your
                  | library.
  2075 | D:4      | Reached skill level 6 in Ranged Weapons
  2203 | D:4      | Killed from afar by an orc priest

Vanquished Creatures
  A hound (D:3)
  2 adders (D:4)
  A worm (D:2)
  A dart slug (D:3)
  6 orcs
  5 ball pythons
  5 endoplasms
  10 giant cockroaches
  3 hobgoblins
  4 kobolds
  2 quokkas
  3 bats
  A frilled lizard (D:1)
  5 goblins
  5 rats
54 creatures vanquished.

Table legend:
 A = Non-vault XP
 B = Vault XP
 C = Vault XP percentage of total XP
 D = Non-vault monster count
 E = Vault monster count
 F = Vault count percentage of total count
                 A         B        C        D         E       F
            +---------+---------+-------+---------+---------+-------
      Total |     149 |      21 |  12.4 |      43 |      11 |  20.4
            +---------+---------+-------+---------+---------+-------
        D:1 |      29 |       0 |   0.0 |      18 |       0 |   0.0
        D:2 |      11 |      16 |  59.3 |       5 |       8 |  61.5
        D:3 |      79 |       0 |   0.0 |      17 |       0 |   0.0
        D:4 |      30 |       5 |  14.3 |       3 |       3 |  50.0
            +---------+---------+-------+---------+---------+-------

Illustrated notes

Table legend:
 A = Kills in this place as a percentage of kills in entire the game.
 B = Kills by you in this place as a percentage of kills by you in the entire game.
 C = Kills by friends in this place as a percentage of kills by friends in the entire game.
 D = Other kills in this place as a percentage of other kills in the entire game.
 E = Experience gained in this place as a percentage of experience gained in the entire game.
 F = Experience gained in this place divided by the number of levels of this place that you have seen.
                   A       B       C       D       E      F
               +-------+-------+-------+-------+-------+----------------------
         Total | 100.0 | 100.0 |   N/A |   N/A | 100.0 |  42.5
       Dungeon | 100.0 | 100.0 |   N/A |   N/A | 100.0 |  42.5
               +-------+-------+-------+-------+-------+----------------------

Table legend: (Time is in decaauts)
 A = Elapsed time spent in this place.
 B = Non-inter-level travel time spent in this place.
 C = Inter-level travel time spent in this place.
 D = Time resting spent in this place.
 E = Time spent auto-exploring this place.
 F = Levels seen in this place.
 G = Mean time per level.
                   A        B        C        D        E       F      G
               +--------+--------+--------+--------+--------+-----+--------+
         Total |   1457 |   1397 |     60 |      0 |   1183 |   4 |  364.2 |
       Dungeon |   1457 |   1397 |     60 |      0 |   1183 |   4 |  364.2 |
               +--------+--------+--------+--------+--------+-----+--------+

Top non-repeatable levels by time:
     D:3: 645 daAuts
     D:2: 361 daAuts
     D:1: 331 daAuts
     D:4: 119 daAuts
